 Dungeon Crawl Stone Soup version 0.23.0-3-gf3c87f2 (webtiles) character file.

Game seed: 10633079049373177930

105576 Lavandula the Brawler (level 15, -29/160 HPs)
             Began as a Troll Wanderer on Feb 22, 2019.
             Was the Champion of Cheibriados.
             Killed from afar by a crystal guardian (47 damage)
             ... with a crystal bolt
             ... on level 2 of the Depths.
             The game lasted 00:53:19 (14464 turns).

Lavandula the Brawler (Troll Wanderer)             Turns: 14464, Time: 00:53:20

Health: -29/160    AC: 13    Str: 47    XL:     15   Next: 95%
Magic:  0/30       EV: 18    Int: 24    God:    Cheibriados [******]
Gold:   1417       SH:  0    Dex: 26    Spells: 5/19 levels left

rFire    + . .     SeeInvis .     - Unarmed
rCold    . . .     Gourm    +   (no shield)
rNeg     . . .     Faith    .   y - +4 troll leather armour {Purgy}
rPois    +         Spirit   +   (helmet restricted)
rElec    +         Reflect  .   a - scarf {Spirit}
rCorr    .         Harm     +   (gloves unavailable)
MR       +....                  (boots unavailable)
Stlth    +++.......             Q - amulet of harm
HPRegen  1.16/turn              i - ring "Neavuh" {rElec rPois MP+9 Str+6}
MPRegen  0.22/turn              Y - +4 ring of evasion

@: very slightly contaminated, hasted, studying Crossbows, slow
A: large, unfitting armour, claws 3, fire resistance 1, fast metabolism 3,
gourmand, regeneration 1, robust 1, shaggy fur 1, tough skin 3, MP-powered wands
a: Bend Time, Temporal Distortion, Slouch, Step From Time, Renounce Religion


You were on level 2 of the Depths.
You worshipped Cheibriados.
Cheibriados was exalted by your worship.
You were full.

You visited 3 branches of the dungeon, and saw 18 of its levels.
You also visited: Sewer and Ossuary.

You collected 1417 gold pieces.

Inventory:

Missiles
 j - 27 tomahawks
 S - 11 large rocks (quivered)
 V - 3 throwing nets
 Z - 3 javelins
Armour
 a - a scarf of spirit shield (worn)
 r - a +2 robe of cold resistance
 y - a +4 troll leather armour (worn) {Purgy}
 N - a +2 cloak of poison resistance
Magical Staves
 H - an uncursed staff of death {unknown}
Jewellery
 i - the ring "Neavuh" (left claw) {rElec rPois MP+9 Str+6}
   (You found it on level 13 of the Dungeon)

   [ring of magical power]

   It affects your strength (+6).
   It insulates you from electricity.
   It protects you from poison.
   It affects your magic capacity (+9).
 v - an uncursed ring of resist corrosion
 P - an uncursed ring of protection from fire
 Q - an amulet of harm (around neck)
 Y - a +4 ring of evasion (right claw)
Wands
 s - a wand of scattershot (4)
 F - a wand of iceblast (24)
 J - a wand of digging (7)
 K - a wand of acid (14)
 L - a wand of polymorph (9)
 O - a wand of flame (15)
 T - a wand of disintegration (11)
 X - a wand of clouds (1)
Scrolls
 c - 3 scrolls of teleportation
 d - 3 scrolls of summoning {unknown}
 e - 3 scrolls of identify
 g - 3 scrolls of enchant weapon
 h - 13 scrolls of remove curse {remove curse, unknown}
 k - 7 scrolls of amnesia
 m - 6 scrolls of fog
 n - 2 scrolls of immolation
 x - 4 scrolls of blinking
 A - 5 scrolls of magic mapping
 G - a scroll of enchant armour
 I - a scroll of torment
 R - a scroll of fear
 U - a scroll of vulnerability
Potions
 b - 5 potions of agility
 l - 5 potions of brilliance
 o - 5 potions of flight
 p - 6 potions of lignification
 q - 3 potions of mutation
 t - 2 potions of heal wounds
 u - 2 potions of haste
 w - a potion of cancellation
 z - 7 potions of curing
 B - 3 potions of might
 C - 2 potions of ambrosia
 M - a potion of berserk rage {unknown}
Books
 D - a manual of Crossbows
Miscellaneous
 E - a sack of spiders
Comestibles
 f - 27 rations
 W - 6 chunks of flesh


   Skills:
 - Level 9.3 Fighting
   Level 1.0 Polearms
 + Level 9.6 Throwing
 - Level 6.0 Armour
 - Level 5.2 Dodging
 - Level 4.1 Stealth
 - Level 15.2 Unarmed Combat
 - Level 2.9 Spellcasting
 - Level 3.8 Conjurations
 - Level 4.6 Summonings
 - Level 2.0 Necromancy
 - Level 2.9 Translocations
 - Level 1.8 Air Magic
 - Level 1.0 Poison Magic
 - Level 10.1 Invocations
 - Level 4.1 Evocations


You had 5 spell levels left.
You knew the following spells:

 Your Spells              Type           Power        Failure   Level  Hunger
a - Summon Lightning Spi  Summ/Air       ###.....     30%         4    ####...
b - Call Canine Familiar  Summ           ####....     4%          3    ###....
c - Blink                 Tloc           N/A          5%          2    ##.....
d - Mephitic Cloud        Conj/Pois/Air  ##......     14%         3    ###....
f - Animate Skeleton      Necr           N/A          4%          1    None
g - Apportation           Tloc           ###...       3%          1    None

Your spell library contained the following spells:

 Spells                   Type           Power        Failure   Level  Hunger
 Summon Small Mammal      Summ           ####         1%          1    None
 Magic Dart               Conj           ###.         2%          1    None
 Call Imp                 Summ           ####....     2%          2    ##.....
 Flame Tongue             Conj/Fire      ##...        5%          1    None
 Throw Flame              Conj/Fire      ##....       8%          2    ##.....
 Confusing Touch          Hex            #.....       12%         1    None
 Summon Guardian Golem    Hex/Summ       ##......     13%         3    ###....
 Conjure Flame            Conj/Fire      ##......     16%         3    ###....
 Slow                     Hex            #.......     19%         2    ##.....
 Ignite Poison            Fire/Tmut/Pois #.......     30%         3    ###....
 Inner Flame              Hex/Fire       #.......     34%         3    ###....
 Summon Ice Beast         Ice/Summ       ##......     41%         4    ####...
 Sticky Flame             Conj/Fire      ##......     45%         4    ####...
 Fireball                 Conj/Fire      ##........   82%         5    ######.
 Irradiate                Conj/Tmut      ##........   82%         5    ######.
 Blade Hands              Tmut           #.........   97%         5    ######.
 Dragon Form              Tmut           #.........   100%        7    #######


Dungeon Overview and Level Annotations

Branches:
Dungeon (15/15)            Temple (1/1) D:5            Lair (0/6) D:10
    Orc (0/2) D:11         Vaults (0/5) D:13         Depths (2/5) D:15

Altars:
Ashenzari
Cheibriados
Dithmenos
Elyvilon
Fedhas
Gozag
Hepliaklqana
Kikubaaqudgha
Makhleb
Nemelex Xobeh
Okawaru
Qazlal
Ru
Sif Muna
Trog
Uskayaw
Vehumet
Wu Jian
Xom
Yredelemnul
Zin
The Shining One
Beogh

Portals:
Hell: Depths:1
Pandemonium: Depths:1
Ziggurat: Depths:1
Trove: D:12 (show abyssal rune of Zot)

Annotations:
D:5 exclusion: upstairs


Innate Abilities, Weirdness & Mutations

You are too large for most types of armour.
You have claws for hands.
Your metabolism is lightning-fast.
You like to eat raw meat.
Your natural rate of healing is unusually fast.
You are covered in fur. (AC +1)
You have extremely tough skin. (AC +3)
Your flesh is heat resistant. (rF+)
You are robust. (+10% HP)
You expend magic power (3 MP) to strengthen your wands.


Message History

As you read the scroll of blinking, it crumbles to dust.
Evoke which item? (* to show all) (? for menu, Esc to quit)
Okay, then.
Unknown command.
Okay, then.
It was a potion of haste.
You feel yourself speed up.
Cheibriados forgives your accidental hurry, just this once.
Evoke which item? (* to show all) (? for menu, Esc to quit)
Okay, then.
Okay, then.
Unknown command.
Okay, then.
Okay, then.
As you read the scroll of teleportation, it crumbles to dust.
You feel strangely unstable.
Your very ugly thing skeleton hits the crystal guardian.
Your surroundings suddenly seem different.
The crystal guardian fires a crystalline bolt at you.
The crystal bolt freezes you!!!
You die...

#....# #.......≈≈#
#....# #.......≈≈#
#....# #.......≈≈#
#....# #.......≈≈#####
#..#####........≈≈≈≈≈#
#.## ##.E........≈≈≈≈#
#..###.8.8...........+
#...%%.ZZ)...........+
######)...@..........+
##..........≈≈≈≈#
##........≈≈≈≈≈#
#.......≈≈#####
#.......≈≈#
#......^≈≈#
#.......≈≈#
#.......≈≈#
#.......≈≈#


You could see 2 crystal guardians, an earth elemental and 2 friendly very ugly
thing skeletons.

Vanquished Creatures
  Saint Roka (Depths:2)
  Frances (D:12)
  Kirke (D:12)
  An azure jelly (shapeshifter) (Depths:2)
  A frost giant (Depths:1)
  An orc warlord (Depths:1)
  2 stone giants (Depths:1)
  6 very ugly things (Depths:2)
  A war gargoyle (Depths:2)
  A spark wasp (shapeshifter) (D:15)
  2 crystal guardians (Depths:2)
  An ettin (Depths:1)
  2 ogre magi (Depths:1)
  A blizzard demon (Depths:1)
  A fire dragon (Depths:1)
  2 great orbs of eyes (Depths:1)
  A vault guard (D:13)
  2 ice dragons (Depths:1)
  3 hydras
  3 rakshasas
  19 two-headed ogres
  3 centaur warriors
  A queen ant (shapeshifter) (Depths:2)
  4 dancing weapons (Depths:2)
  A tengu warrior (Depths:1)
  An orc high priest (Depths:1)
  A soul eater (Depths:1)
  3 unseen horrors
  A lindwurm (shapeshifter) (Depths:2)
  6 glowing orange brains
  A wolf spider zombie (D:15)
  A wizard (Depths:1)
  Pikel (D:6)
  2 orc knights
  5 orc sorcerers
  A wolf spider (shapeshifter) (Depths:2)
  A manticore (D:15)
  29 ugly things
  2 cyclopes
  2 salamanders (shapeshifter)
  Maurice (D:8)
  A rust devil (Depths:1)
  8 gargoyles
  A spiny frog (shapeshifter) (D:15)
  3 centaur skeletons
  A kobold demonologist (D:11)
  9 yaktaurs (Depths:1)
  A hellwing (Depths:1)
  2 efreet
  An ice devil (Depths:1)
  3 wind drakes (Depths:2)
  A hornet (D:10)
  A meliai (shapeshifter) (Depths:2)
  11 trolls
  Grinder (D:3)
  3 hippogriffs
  6 slime creatures
  3 air elementals (Depths:2)
  2 shadows
  A redback (shapeshifter) (Depths:2)
  4 wraiths
  5 water elementals (Depths:2)
  A wyvern (D:12)
  A basilisk (D:10)
  3 hogs (D:12)
  A fire bat (shapeshifter) (Depths:2)
  22 yaks
  2 hungry ghosts
  2 wargs
  2 soldier ants
  3 insubstantial wisps (Depths:2)
  An acid dragon (D:13)
  A floating eye (shapeshifter) (Depths:2)
  4 porcupines
  Purgy (Sewer)
  6 ice beasts
  A black bear (D:6)
  A phantom (D:8)
  A necrophage (D:7)
  15 orc warriors
  2 eyes of draining
  4 sky beasts
  8 ogres
  11 centaurs
  4 boggarts (Depths:1)
  5 crocodiles
  5 big kobolds
  Blork the orc (D:6)
  A big kobold (shapeshifter) (D:15)
  14 bullfrogs
  A gnoll sergeant (D:8)
  3 wyvern zombies
  6 earth elementals (Depths:2)
  3 scorpions
  A wyvern skeleton (D:13)
  11 killer bees
  17 wights
  6 howler monkeys
  7 crimson imps
  A quasit (D:12)
  2 centaur zombies
  7 jellies
  Crazy Yiuf (D:3)
  12 orc priests
  6 hounds
  12 orc wizards
  A bullfrog skeleton (D:5)
  An iron imp (Depths:1)
  Jessica (D:2)
  13 iguanas
  7 worker ants
  Ijyb (D:4)
  2 hound zombies
  A hound skeleton (D:5)
  2 worker ant zombies
  Robin (D:3)
  7 adders
  3 shadow imps
  An ooze (D:2)
  An adder skeleton (D:6)
  2 adder zombies
  4 worms
  A ball lightning (Depths:2)
  4 dart slugs
  3 leopard geckos
  77 orcs
  2 ball pythons
  4 giant cockroaches
  17 goblins
  3 hobgoblins
  13 jackals
  34 kobolds
  7 quokkas
  5 bats
  4 frilled lizards
  2 hobgoblin skeletons (Ossuary)
  2 hobgoblin zombies (Ossuary)
  A kobold zombie (Ossuary)
  A leopard gecko skeleton (D:4)
  A leopard gecko zombie (D:9)
  An orc skeleton (Ossuary)
  An orc zombie (Ossuary)
  2 rats (D:3)
640 creatures vanquished.

Vanquished Creatures (collateral kills)
  An ogre mage (Depths:1)
  2 ugly things (Depths:1)
  An earth elemental (Depths:2)
4 creatures vanquished.

Vanquished Creatures (others)
  A human (D:12)
  A boggart (Depths:1)
  An orc wizard (D:6)
  An adder (D:6)
  6 ball lightnings (Depths:2)
  2 orcs
  A jackal (D:7)
  A plant (D:10)
14 creatures vanquished.

Grand Total: 658 creatures vanquished

Notes
Turn   | Place    | Note
-------+----------+-------------------------------------------
     0 | D:1      | Lavandula the Troll Wanderer began the quest for the Orb.
     0 | D:1      | Lavandula set off with the following items: a +2 spear, a
                  | +0 mace, a scroll of teleportation, a +0 robe, 2 rations
     0 | D:1      | Reached XP level 1. HP: 23/23 MP: 0/0
   115 | D:1      | Reached skill level 1 in Unarmed Combat
   169 | D:1      | Reached XP level 2. HP: 27/31 MP: 1/1
   180 | D:1      | Reached skill level 2 in Unarmed Combat
   570 | D:2      | Reached XP level 3. HP: 31/37 MP: 2/2
   641 | D:2      | Noticed Jessica
   644 | D:2      | Killed Jessica
   644 | D:2      | Reached skill level 3 in Unarmed Combat
   837 | D:2      | Reached XP level 4. HP: 45/45 MP: 3/3
  1221 | D:3      | Noticed Robin
  1249 | D:3      | Reached skill level 4 in Unarmed Combat
  1254 | D:3      | Killed Robin
  1363 | D:3      | Found an ornate altar of the Wu Jian Council.
  1526 | D:3      | Found a runed translucent door.
  1527 | D:3      | Noticed Crazy Yiuf
  1554 | D:3      | Found a glowing drain.
  1576 | Sewer    | Entered a sewer
  1638 | Sewer    | Noticed Purgy
  1671 | Sewer    | Killed Purgy
  1671 | Sewer    | Reached skill level 5 in Unarmed Combat
  1671 | Sewer    | Reached XP level 5. HP: 31/53 MP: 4/4
  1898 | D:3      | Noticed Grinder
  1900 | D:3      | Paralysed by Grinder for 6 turns
  1909 | D:3      | Killed Grinder
  1909 | D:3      | Reached skill level 6 in Unarmed Combat
  1909 | D:3      | Reached XP level 6. HP: 61/61 MP: 5/5
  2174 | D:3      | Killed Crazy Yiuf
  2174 | D:3      | Reached skill level 7 in Unarmed Combat
  2259 | D:4      | Reached XP level 7. HP: 64/67 MP: 6/6
  2423 | D:4      | Reached skill level 8 in Unarmed Combat
  2435 | D:4      | Noticed Ijyb
  2450 | D:5      | Entered Level 5 of the Dungeon
  2506 | D:5      | Noticed a wraith
  2518 | D:5      | Killed a wraith
  2624 | D:5      | Found a bloodstained altar of Trog.
  2632 | D:5      | Reached XP level 8. HP: 70/75 MP: 7/7
  2716 | D:5      | Found a sand-covered staircase.
  2728 | Ossuary  | Entered an ossuary
  2831 | Ossuary  | Noticed a flying skull
  2837 | Ossuary  | Noticed a flying skull
  2863 | Ossuary  | Noticed a flying skull
  2946 | Ossuary  | Reached skill level 5 in Fighting
  3063 | D:5      | Found a staircase to the Ecumenical Temple.
  3714 | D:4      | Reached skill level 9 in Unarmed Combat
  3818 | D:4      | Killed Ijyb
  3904 | D:4      | Identified the cursed +0 spear of Nutyurah {drain, rN+}
  3915 | D:4      | Reached XP level 9. HP: 86/88 MP: 8/8
  4000 | D:6      | Noticed Blork the orc
  4010 | D:6      | Killed Blork the orc
  4127 | D:6      | Found a burning altar of Makhleb.
  4177 | D:6      | Noticed Pikel
  4181 | D:6      | Killed Pikel
  4181 | D:6      | Reached skill level 10 in Unarmed Combat
  4700 | D:7      | Reached skill level 11 in Unarmed Combat
  4915 | D:7      | Reached skill level 12 in Unarmed Combat
  4918 | D:7      | Reached XP level 10. HP: 68/96 MP: 8/10
  5207 | D:8      | Noticed Maurice
  5221 | D:8      | Killed Maurice
  5525 | D:8      | Noticed a six-headed hydra
  5536 | D:8      | Killed an eight-headed hydra
  5745 | D:8      | Noticed a centaur warrior
  5758 | D:8      | Killed a centaur warrior
  6111 | D:9      | Reached XP level 11. HP: 63/102 MP: 13/13
  6362 | D:9      | Noticed a two-headed ogre
  6371 | D:9      | Killed a two-headed ogre
  6881 | Temple   | Entered the Ecumenical Temple
  6959 | Temple   | Became a worshipper of Cheibriados the Contemplative
  7096 | D:10     | Entered Level 10 of the Dungeon
  7138 | D:10     | Found a staircase to the Lair.
  7237 | D:10     | Reached skill level 13 in Unarmed Combat
  7263 | D:10     | Reached * piety under Cheibriados
  7438 | D:10     | Reached skill level 1 in Invocations
  7480 | D:10     | Learned a level 4 spell: Summon Lightning Spire
  7484 | D:10     | Learned a level 3 spell: Call Canine Familiar
  7655 | D:10     | Reached ** piety under Cheibriados
  7833 | D:10     | Killed an unseen horror
  8052 | D:11     | Noticed a six-headed hydra
  8059 | D:11     | Killed an eight-headed hydra
  8059 | D:11     | Reached skill level 5 in Invocations
  8066 | D:11     | Learned a level 2 spell: Blink
  8116 | D:11     | Reached skill level 1 in Translocations
  8180 | D:11     | Reached XP level 12. HP: 61/111 MP: 15/15
  8301 | D:11     | Found a staircase to the Orcish Mines.
  8489 | D:11     | Reached skill level 1 in Spellcasting
  8499 | D:11     | Reached *** piety under Cheibriados
  8596 | D:11     | Noticed a two-headed ogre
  8598 | D:11     | Killed a two-headed ogre
  8598 | D:11     | Reached skill level 14 in Unarmed Combat
  8930 | D:12     | Reached skill level 1 in Armour
  8938 | D:12     | Noticed Kirke
  8962 | D:12     | Noticed Frances
  8964 | D:12     | Killed Kirke
  8970 | D:12     | HP: 2/111 [Frances/+0 war axe (7)]
  9074 | D:12     | Gained mutation: You are dopey. (Int -2) [potion of
                  | mutation]
  9074 | D:12     | Gained mutation: You are very dopey. (Int -4) [potion of
                  | mutation]
  9074 | D:12     | Gained mutation: You are robust. (+10% HP) [potion of
                  | mutation]
  9075 | D:12     | Lost mutation: You are very dopey. (Int -4) [potion of
                  | mutation]
  9075 | D:12     | Lost mutation: You are dopey. (Int -2) [potion of mutation]
  9075 | D:12     | Gained mutation: Your flesh is heat resistant. (rF+)
                  | [potion of mutation]
  9075 | D:12     | Gained mutation: You expend magic power (3 MP) to
                  | strengthen your wands. [potion of mutation]
  9128 | D:12     | Killed Frances
  9128 | D:12     | Reached skill level 5 in Armour
  9185 | D:12     | Learned a level 3 spell: Mephitic Cloud
  9305 | D:12     | Reached **** piety under Cheibriados
  9323 | D:12     | Found a portal to a secret trove of treasure.
  9610 | D:12     | Noticed a two-headed ogre
  9614 | D:12     | Killed a two-headed ogre
  9935 | D:13     | Reached skill level 1 in Summonings
 10111 | D:13     | Noticed a centaur warrior
 10113 | D:13     | Killed a centaur warrior
 10120 | D:13     | Noticed a vault guard
 10132 | D:13     | Killed a vault guard
 10132 | D:13     | Reached XP level 13. HP: 25/129 MP: 0/16
 10235 | D:13     | Found a gate to the Vaults.
 10249 | D:13     | Got a warped iron ring
 10251 | D:13     | Identified the ring "Neavuh" {rElec rPois MP+9 Str+6} (You
                  | found it on level 13 of the Dungeon)
 10335 | D:13     | Learned a level 1 spell: Apportation
 10337 | D:13     | Learned a level 1 spell: Animate Skeleton
 10391 | D:13     | Identified the Reference Book on Shape Shifting
 11087 | D:14     | Reached skill level 5 in Dodging
 11093 | D:14     | Reached ***** piety under Cheibriados
 11644 | D:15     | Entered Level 15 of the Dungeon
 11677 | D:15     | Reached ****** piety under Cheibriados
 11722 | D:15     | Reached skill level 10 in Invocations
 11967 | D:15     | Found a glowing golden altar of the Shining One.
 12055 | D:15     | Reached XP level 14. HP: 139/139 MP: 20/20
 12337 | D:15     | Found a staircase to the Depths.
 12440 | Depths:1 | Entered Level 1 of the Depths
 12446 | Depths:1 | Found a gateway to a ziggurat.
 12453 | Depths:1 | Noticed a stone giant
 12461 | Depths:1 | Reached skill level 15 in Unarmed Combat
 12472 | Depths:1 | Killed a stone giant
 12572 | Depths:1 | Reached skill level 1 in Conjurations
 12689 | Depths:1 | Reached skill level 1 in Air Magic
 12742 | Depths:1 | Paralysed by a wizard for 6 turns
 12758 | Depths:1 | Reached skill level 1 in Necromancy
 12784 | Depths:1 | Noticed a frost giant
 12796 | Depths:1 | Reached skill level 1 in Poison Magic
 12801 | Depths:1 | Killed a frost giant
 12801 | Depths:1 | Noticed a stone giant
 12806 | Depths:1 | Noticed a frost giant
 12811 | Depths:1 | Killed a stone giant
 12816 | Depths:1 | Reached XP level 15. HP: 59/157 MP: 1/21
 12836 | Depths:1 | Noticed a fire giant
 13098 | Depths:1 | Found a gateway to Hell.
 13194 | Depths:1 | Found a runed translucent door.
 13231 | Depths:1 | Noticed an orc warlord
 13279 | Depths:1 | Found a one-way gate leading to the halls of Pandemonium.
 13679 | Depths:1 | Killed an orc warlord
 13820 | Depths:1 | Found a roughly hewn altar of Beogh.
 13977 | Depths:2 | Noticed Saint Roka
 13989 | Depths:2 | Killed Saint Roka
 14309 | Depths:2 | Noticed a quicksilver dragon
 14309 | Depths:2 | a stone giant changed into a quicksilver dragon
 14312 | Depths:2 | Noticed a frost giant
 14312 | Depths:2 | a quicksilver dragon changed into a frost giant
 14316 | Depths:2 | Noticed a sphinx
 14316 | Depths:2 | an iron troll changed into a sphinx
 14318 | Depths:2 | Noticed an azure jelly
 14318 | Depths:2 | a sphinx changed into an azure jelly
 14323 | Depths:2 | Killed an azure jelly
 14464 | Depths:2 | Killed from afar by a crystal guardian

Skill      XL: |  1  2  3  4  5  6  7  8  9 10 11 12 13 14 15 |
---------------+----------------------------------------------+-----
Unarmed Combat | 1 2 3 5 6 7 8 9 12 13 14 15 | 15.2
Dodging        | 4 5 |  5.2
Fighting       | 5 8 9 |  9.3
Evocations     | 4 |  4.1
Throwing       | 6 9 |  9.6
Invocations    | 5 10 | 10.1
Translocations | 2 |  2.9
Spellcasting   | 2 |  2.9
Armour         | 6 |  6.0
Summonings     | 3 4 |  4.6
Conjurations   | 3 |  3.8
Air Magic      | 1 |  1.8
Necromancy     | 2 |  2.0
Poison Magic   | 1 |  1.0
Stealth        | 4 |  4.1
Polearms       | |  1.0

Action                   |  1- 3 |  4- 6 |  7- 9 | 10-12 | 13-15 || total
-------------------------+-------+-------+-------+-------+-------++-------
Melee: Spear             |    37 |       |       |       |       ||    37
       Unarmed           |    25 |   110 |   283 |   526 |   477 ||  1421
       Punch             |       |     1 |    13 |    42 |    54 ||   110
Throw: Tomahawk          |       |     9 |     1 |    44 |    14 ||    68
       Throwing net      |       |       |       |     1 |       ||     1
       Large rock        |       |       |       |       |    67 ||    67
       Javelin           |       |       |       |       |    10 ||    10
 Cast: Blink             |       |       |       |     8 |     5 ||    13
       Call Canine Famil |       |       |       |     1 |       ||     1
       Animate Skeleton  |       |       |       |       |    20 ||    20
       Mephitic Cloud    |       |       |       |       |     7 ||     7
       Summon Lightning  |       |       |       |       |     1 ||     1
Invok: Temporal Distorti |       |       |       |       |     5 ||     5
       Slouch            |       |       |       |       |     5 ||     5
Evoke: Wand              |       |       |     7 |    23 |    20 ||    50
  Use: Scroll            |       |       |       |    20 |    12 ||    32
       Potion            |       |       |       |     4 |     6 ||    10
 Stab: Sleeping          |     3 |     3 |     2 |     3 |     1 ||    12
       Distracted        |       |       |     1 |       |     1 ||     2
       Confused          |       |       |       |       |     4 ||     4
  Eat: Chunk             |    11 |    13 |    24 |    45 |    30 ||   123
       Ration            |       |       |       |     1 |       ||     1
Armor: Robe              |    10 |    35 |       |       |       ||    45
       Troll leather arm |       |     5 |    75 |   189 |    97 ||   366
Dodge: Dodged            |    35 |    49 |   119 |   272 |   298 ||   773
